 Dungeon Sprint DCSS version 0.25-a0-502-g6516661 (webtiles) character file.

Game seed: 10156670072145862251, levelgen mode: deterministic

1742 Faca the Warrior (level 8, -20/93 HPs)
             Began as a Minotaur Fighter on Feb 12, 2020.
             Was a Priest of Okawaru.
             Demolished by a white ugly thing (25 damage)
             ... in the Dungeon (Sprint IX: "|||||||||||||||||||||||||||||").
             The game lasted 00:01:25 (528 turns).

Faca the Warrior (Minotaur Fighter)                  Turns: 528, Time: 00:01:26

Health: -20/93     AC: 11    Str: 28    XL:     8   Next: 77%
Magic:  6/7        EV:  6    Int:  5    God:    Okawaru [***...]
Gold:   0          SH: 10    Dex: 11    Spells: 7/7 levels left

rFire    . . .     SeeInvis .   r - +2 scimitar (freeze)
rCold    . . .     Gourm    .   c - +0 kite shield
rNeg     . . .     Faith    .   s - +1 chain mail
rPois    .         Spirit   .   (helmet restricted)
rElec    .         Reflect  .   (no cloak)
rCorr    .         Harm     .   (no gloves)
MR       .....     NoTele   +   a - +0 pair of boots
Stlth    ..........             (no amulet)
HPRegen  0.25/turn              t - +3 ring of strength
MPRegen  0.10/turn              u - +3 ring of strength

@: no status effects
A: retaliatory headbutt, horns 2
a: Heroism, Renounce Religion


You were in the Dungeon.
You worshipped Okawaru.
Okawaru was most pleased with you.
You were not hungry.

You visited 1 branch

Inventory:

Hand Weapons
 q - a +2 rapier of venom
 r - a +2 scimitar of freezing (weapon)
Armour
 a - a +0 pair of boots (worn)
 c - a +0 kite shield (worn)
 s - a +1 chain mail (worn)
Jewellery
 t - a +3 ring of strength (left hand)
 u - a +3 ring of strength (right hand)
Wands
 p - a wand of iceblast (10)
Scrolls
 k - 2 scrolls of blinking
 n - 3 scrolls of remove curse
 o - 2 scrolls of amnesia
Potions
 d - a potion of might
 e - 4 potions of curing
 h - a potion of haste
 i - 4 potions of magic
 j - a potion of berserk rage
 l - a potion of invisibility
Comestibles
 f - a ration


   Skills:
 + Level 16.0 Fighting
 + Level 15.8 Long Blades
 - Level 3.6 Armour
 - Level 3.6 Shields


You had 7 spell levels left.
You didn't know any spells.
Your spell library was empty.

Dungeon Overview and Level Annotations

Branches:
Dungeon (1/1)

Altars:
Cheibriados
Dithmenos
Elyvilon
Fedhas
Gozag
Hepliaklqana
Kikubaaqudgha
Makhleb
Nemelex Xobeh
Okawaru
Qazlal
Ru
Sif Muna
Trog
Uskayaw
Vehumet
Wu Jian
Xom
Yredelemnul
Zin
The Shining One
Beogh
Jiyva
Lugonu


Innate Abilities, Weirdness & Mutations

You reflexively headbutt those who attack you in melee.
You have a pair of horns on your head.


Message History

You slice the white ugly thing!! You freeze the white ugly thing.
The white ugly thing is heavily wounded.
You feel much better.
You feel like a meek peon again. The white ugly thing barely misses you.
You slash the white ugly thing! You freeze the white ugly thing.
Your headbutt misses the white ugly thing.
The white ugly thing is severely wounded.
The white ugly thing gores you. The white ugly thing freezes you!!
* * * LOW HITPOINT WARNING * * *
You feel much better. The white ugly thing gores you!
The white ugly thing freezes you!!
* * * LOW HITPOINT WARNING * * *
You slash the white ugly thing!
Your headbutt misses the white ugly thing.
The white ugly thing is almost dead.
The white ugly thing gores you!
* * * LOW HITPOINT WARNING * * *
The white ugly thing freezes you!!
You die... ▓▓▓▓▓▓▓▓▓▓▓▓▓▓▓▓▓▓▓▓▓▓▓▓ +...ZOu@.....[')[..[)|.. ▓▓▓▓▓▓▓▓▓▓▓▓▓▓▓▓▓▓▓▓▓▓▓▓

You could see a white ugly thing, a two-headed ogre and a bat skeleton.

Vanquished Creatures
  An unseen horror (D)
  A deep elf mage (D)
  A komodo dragon (D)
  A basilisk (D)
  A soldier ant (D)
  An orc warrior (D)
  A centaur (D)
  A gnoll sergeant (D)
  A killer bee (D)
  A quasit (D)
  A leopard gecko (D)
  2 bats (D)
  A goblin (D)
  A kobold (D)
  A ball python (D)
  A jackal zombie (D)
  A leopard gecko zombie (D)
  A rat (D)
19 creatures vanquished.

Notes
Turn   | Place    | Note
-------+----------+-------------------------------------------
     0 | D        | Faca the Minotaur Fighter began the quest for the Orb.
     0 | D        | Reached XP level 1. HP: 19/19 MP: 0/0
     5 | D        | Reached skill level 4 in Fighting
    20 | D        | Noticed a centaur
    34 | D        | Killed a centaur
    34 | D        | Reached skill level 8 in Fighting
    34 | D        | Reached XP level 2. HP: 25/35 MP: 1/1
    34 | D        | Reached XP level 3. HP: 28/40 MP: 2/2
    34 | D        | Reached XP level 4. HP: 34/48 MP: 3/3
   148 | D        | Found a roughly hewn altar of Beogh.
   148 | D        | Found a snail-covered altar of Cheibriados.
   148 | D        | Found a shadowy altar of Dithmenos.
   148 | D        | Found a white marble altar of Elyvilon.
   148 | D        | Found a blossoming altar of Fedhas.
   148 | D        | Found an opulent altar of Gozag.
   149 | D        | Found a hazy altar of Hepliaklqana.
   150 | D        | Found a viscous altar of Jiyva.
   151 | D        | Found an ancient bone altar of Kikubaaqudgha.
   152 | D        | Found a corrupted altar of Lugonu.
   153 | D        | Found a burning altar of Makhleb.
   154 | D        | Found a sparkling altar of Nemelex Xobeh.
   155 | D        | Found an iron altar of Okawaru.
   156 | D        | Found a stormy altar of Qazlal.
   157 | D        | Found a sacrificial altar of Ru.
   158 | D        | Found a shimmering blue altar of Sif Muna.
   159 | D        | Found a bloodstained altar of Trog.
   160 | D        | Found a hide-covered altar of Uskayaw.
   161 | D        | Found a radiant altar of Vehumet.
   162 | D        | Found an ornate altar of the Wu Jian Council.
   163 | D        | Became a worshipper of Warmaster Okawaru
   164 | D        | Found a shimmering altar of Xom.
   165 | D        | Found a basalt altar of Yredelemnul.
   166 | D        | Found a glowing silver altar of Zin.
   167 | D        | Found a glowing golden altar of the Shining One.
   216 | D        | Noticed a komodo dragon
   216 | D        | Noticed a soldier ant
   216 | D        | Noticed an orc warrior
   218 | D        | Killed an orc warrior
   218 | D        | Reached skill level 9 in Fighting
   218 | D        | Reached XP level 5. HP: 38/58 MP: 4/4
   223 | D        | Reached skill level 10 in Fighting
   223 | D        | Reached skill level 10 in Long Blades
   228 | D        | Killed a soldier ant
   228 | D        | Reached skill level 11 in Fighting
   228 | D        | Reached XP level 6. HP: 33/69 MP: 5/5
   234 | D        | Killed an unseen horror
   234 | D        | Reached * piety under Okawaru
   234 | D        | Reached ** piety under Okawaru
   234 | D        | Reached skill level 14 in Fighting
   234 | D        | Reached XP level 7. HP: 22/81 MP: 6/6
   237 | D        | Killed a komodo dragon
   237 | D        | Reached XP level 8. HP: 25/90 MP: 7/7
   511 | D        | Noticed a two-headed ogre
   511 | D        | Noticed a white ugly thing
   511 | D        | Noticed a deep elf mage
   517 | D        | Reached skill level 15 in Fighting
   517 | D        | Reached skill level 15 in Long Blades
   520 | D        | Killed a deep elf mage
   520 | D        | Reached *** piety under Okawaru
   520 | D        | Reached skill level 16 in Fighting
   528 | D        | Demolished by a white ugly thing

Levels and vault maps discovered:
D:        linesprint [early_d, line_temple, items_1, d_10, items_2, lair_1,
          lair_end, items_3, orc_1, orc_end, items_4, d_15, swamp_1, shoals_1,
          snake_1, spider_1, d_20, vaults_1, items_5, swamp_end, shoals_end,
          snake_end, spider_end, vaults_end, d_27, items_6, zot_1, zot_end,
          crypt_end, forest_end, elf_end, slime_end, tomb_end, abyss_end,
          pan_hell_end]

Skill      XL: |  1  2  3  4  5  6  7  8 |
---------------+-------------------------+-----
Fighting       | 8 9 11 14 16 | 16.0
Long Blades    | 7 9 11 13 14 15 | 15.8
Armour         | |  3.6
Shields        | |  3.6

Action                   |  1- 3 |  4- 6 |  7- 9 || total
-------------------------+-------+-------+-------++-------
Melee: Long sword        |    22 |     8 |       ||    30
       Headbutt          |     6 |     4 |     4 ||    14
       Scimitar          |       |    17 |    27 ||    44
Invok: Heroism           |       |       |     1 ||     1
  Use: Potion            |     1 |     1 |     2 ||     4
Armor: Scale mail        |     6 |     1 |       ||     7
       Chain mail        |       |     9 |    19 ||    28
Dodge: Dodged            |     4 |     4 |     5 ||    13
Block: Kite shield       |    12 |     6 |    13 ||    31
       Rpst.: Scimitar   |       |     2 |       ||     2

Table legend:
 A = Non-vault XP
 B = Vault XP
 C = Vault XP percentage of total XP
 D = Non-vault monster count
 E = Vault monster count
 F = Vault count percentage of total count
                 A         B        C        D         E       F
            +---------+---------+-------+---------+---------+-------
      Total |       0 |    2489 | 100.0 |       0 |      19 | 100.0
            +---------+---------+-------+---------+---------+-------
          D |       0 |    2489 | 100.0 |       0 |      19 | 100.0
            +---------+---------+-------+---------+---------+-------
